 Dungeon Crawl Stone Soup version 0.18.1-48-g4cf74bf (console) character file.

87 Kloppie the Skirmisher (level 4, 0/42 HPs)
             Began as a Minotaur Berserker on June 25, 2016.
             Was a Believer of Trog.
             Succumbed to kobold's curare-tipped needle
             ... on level 3 of the Dungeon.
             The game lasted 00:01:43 (1470 turns).

Kloppie the Skirmisher (Minotaur Berserker)         Turns: 1470, Time: 00:01:44

Health: 0/42       AC:  5    Str: 21    XL:     4   Next: 28%
Magic:  3/3        EV: 11    Int:  4    God:    Trog [**....]
Gold:   105        SH:  0    Dex: 11    Spells: 0 memorised, 3 levels left

rFire  . . .     SeeInvis .     a - +0 mace
rCold  . . .     Gourm    .     h - +0 ring mail
rNeg   . . .     Faith    .     (no shield)
rPois  .         Spirit   .     (helmet restricted)
rElec  .         Dismiss  .     (no cloak)
rCorr  .         Reflect  .     (no gloves)
SustAt .         Harm     .     (no boots)
MR     .....                    (no amulet)
Stlth  +.........               (no ring)
                                (no ring)

@: lethally poisoned (0 -> -10), slowed, very slow, not resistant to hostile
enchantments, very unstealthy
A: retaliatory headbutt, horns 2
a: Berserk, Trog's Hand, Burn Spellbooks, Renounce Religion


You were on level 3 of the Dungeon.
You worshipped Trog.
Trog was pleased with you.
You were not hungry.

You visited 1 branch of the dungeon, and saw 3 of its levels.

You collected 105 gold pieces.

Inventory:

Hand Weapons
 a - a +0 mace (weapon)
Armour
 b - a +0 animal skin
 h - a +0 ring mail (worn)
Scrolls
 e - 3 scrolls of amnesia {unknown}
 g - a scroll of identify {unknown}
 i - a scroll of magic mapping {unknown}
 l - 2 scrolls of immolation {unknown}
 m - a scroll of fear {unknown}
 n - a scroll of enchant armour {unknown}
 q - a scroll of recharging {unknown}
 r - a scroll of teleportation {unknown}
Potions
 d - a potion of heal wounds {unknown}
 j - a potion of beneficial mutation {unknown}
 k - a potion of curing {unknown}
 o - a potion of lignification {unknown}
 p - a potion of degeneration {unknown}
Comestibles
 c - 5 bread rations
 f - a slice of pizza


   Skills:
 + Level 5.2 Fighting
 + Level 4.8 Maces & Flails
 - Level 2.4 Armour
 - Level 2.1 Dodging


You had 3 spell levels left.
You didn't know any spells.

Dungeon Overview and Level Annotations

Branches:
Dungeon (3/15)

Altars:
Qazlal
Xom
The Shining One


Innate Abilities, Weirdness & Mutations

You reflexively headbutt those who attack you in melee.
You have a pair of horns on your head.


Message History

You feel sick.
The kobold shoots a curare-tipped needle.
The curare-tipped needle barely misses you.
Things that are here:
a hand axe; a scale mail; a curare-tipped needle
* * * LOW HITPOINT WARNING * * *
You feel sick.
The kobold unwields an uncursed blowgun.
The kobold wields an uncursed club.
The kobold hits you but does no damage.
The kobold hits you with an uncursed club.
* * * LOW HITPOINT WARNING * * *
Items here: )) [ †† a mace; a ring mail; a flail; an orc corpse x2
You hit the kobold.
The kobold is severely wounded.
* * * LOW HITPOINT WARNING * * *
You feel sick. The kobold barely misses you.
You barely miss the kobold.
The kobold is severely wounded.
You die...

### #.#
#.# #.#
##.# # ..#
#..#####.#
#...K@)(<#
#...†###.#
#.... #.#
#.... #.#
#...# #.#
..... ..#
...... ###
.##..#


You could see a kobold.

Vanquished Creatures
  4 adders (D:2)
  3 worms
  A giant gecko (D:1)
  3 orcs (D:3)
  7 goblins
  5 hobgoblins
  3 jackals (D:1)
  5 bats
  4 giant newts
  4 kobolds
  A rat (D:1)
40 creatures vanquished.

Notes
Turn   | Place    | Note
--------------------------------------------------------------
     0 | D:1      | Kloppie the Minotaur Berserker began the quest for the Orb.
     0 | D:1      | Reached XP level 1. HP: 19/19 MP: 0/0
   302 | D:1      | Reached XP level 2. HP: 24/27 MP: 1/1
   305 | D:1      | Reached skill level 4 in Fighting
   559 | D:1      | Found a glowing golden altar of the Shining One.
   806 | D:1      | Reached ** piety under Trog
   872 | D:2      | Reached XP level 3. HP: 34/34 MP: 2/2
  1017 | D:2      | Found a shimmering altar of Xom.
  1030 | D:2      | Found a stormy altar of Qazlal.
  1142 | D:2      | Reached skill level 5 in Fighting
  1300 | D:2      | Reached XP level 4. HP: 38/42 MP: 3/3
  1469 | D:3      | HP: 2/42 [poisoned by kobold (curare-tipped needle)]
  1470 | D:3      | Succumbed to kobold's curare-tipped needle

Skill      XL: |  1  2  3 |
---------------+----------+-----
Maces & Flails | 4 |  4.8
Fighting       | 4 5 |  5.2
Armour         | |  2.4
Dodging        | |  2.1

Action                   |  1- 3 |  4- 6 || total
-------------------------+-------+-------++-------
Melee: Mace              |    64 |    22 ||    86
       Headbutt          |    15 |     6 ||    21
  Eat: Chunk             |       |     2 ||     2
Armor: Animal skin       |     3 |       ||     3
       Ring mail         |    21 |     7 ||    28
Dodge: Dodged            |    42 |     9 ||    51
